 Dungeon Crawl Stone Soup version 0.28.0-47-ge53b351184 (webtiles) character file.

Game seed: 3814595362073333235

117 Woods the Magician (level 4, 0/24 HPs)
             Began as a Deep Elf Air Elementalist on Apr 27, 2022.
             Slain by Duvessa
             ... wielding a +6 short sword of speed
              (15 damage)
             ... on level 4 of the Dungeon.
             The game lasted 00:05:58 (3533 turns).

Woods the Magician (Deep Elf Air Elementalist)      Turns: 3533, Time: 00:05:59

Health: 0/24       AC:  3    Str:  5    XL:     4   Next: 71%
Magic:  10/12      EV: 13    Int: 22    God:
Gold:   157        SH:  0    Dex: 15    Spells: 1/11 levels left

rFire   . . .      SeeInvis .   (no weapon)
rCold   . . .      Faith    .   (no shield)
rNeg    . . .      Spirit   .   a - +0 robe
rPois   .          Reflect  .   (no helmet)
rElec   .          Harm     .   (no cloak)
rCorr   .          Rampage  .   p - +0 pair of gloves
Will    .....                   (no boots)
Stlth   ++........              (no amulet)
HPRegen 0.08/turn               (no ring)
MPRegen 0.13/turn               (no ring)

@: swift, very quick
A: no striking features
a: no special abilities


You were on level 4 of the Dungeon.
You visited 1 branch of the dungeon, and saw 4 of its levels.

You collected 157 gold pieces.

Inventory:

Armour
 a - a +0 robe (worn)
 p - a +0 pair of gloves (worn)
Jewellery
 e - a ring of ice
 l - a ring of ice
Scrolls
 b - 4 scrolls of identify {unknown}
 c - a scroll of enchant armour {unknown}
 d - 4 scrolls of teleportation {unknown}
 h - a scroll of enchant weapon {unknown}
 i - a scroll of brand weapon {unknown}
 k - a scroll of torment {unknown}
 m - a scroll of fear {unknown}
Potions
 f - a potion of invisibility {unknown}
 g - 3 potions of resistance {unknown}
 j - a potion of might {unknown}
 n - a potion of magic {unknown}
 o - 2 potions of heal wounds {unknown}
 q - a potion of haste {unknown}
 r - a potion of attraction {unknown}


   Skills:
 + Level 3.1 Dodging
 + Level 3.2 Stealth
 * Level 4.2 Spellcasting
 * Level 2.6 Conjurations
 * Level 3.7 Air Magic


You had one spell level left.
You knew the following spells:

 Your Spells              Type           Power      Damage    Failure   Level
a - Shock                 Conj/Air       72%        1d7       3%          1
b - Static Discharge      Conj/Air       18%        N/A       4%          2
c - Swiftness             Air            21%        N/A       7%          3
d - Airstrike             Air            10%        N/A       24%         4

Your spell library contained the following spells:

 Spells                   Type           Power      Damage    Failure   Level


Dungeon Overview and Level Annotations

Branches:
Dungeon (4/15)
 Temple: D:4-7

Altars:
Wu Jian

Annotations:
D:4 Duvessa


Message History

Aim: a goblin, wielding a +0 club (64% to hit)
The zap hits the goblin.
You kill the goblin!
This spell is potentially lethal to cast!
Memorise Airstrike, consuming 4 spell levels and leaving 1?
You start memorising the spell.
You continue memorising. x4
You finish memorising.
Spell assigned to 'd'.
You start resting.
Magic restored.
There is a stone staircase leading up here.
You start resting.
HP restored.
Found a bubbling orange potion.
r - a bubbling orange potion
Found a stone staircase leading up.
There is a stone staircase leading up here.
b - 4 scrolls labelled COEHIA DOESAPN (gained 1)
You now have 146 gold pieces (gained 15).
You now have 157 gold pieces (gained 11).
You see here a +0 club.
Duvessa goes berserk!
Duvessa rages.
Items here: ) / [ †.
Duvessa is nearby!
Duvessa is nearby!
There is a stone staircase leading down here.
Casting: Shock (safe; 3% risk of failure)
Confirm with . or Enter, or press ? or * to list all spells.
The spell is quite dangerous to miscast (7% risk of failure)!
Continue anyway?
You feel quick.
Duvessa rages.
Duvessa rages.
You see here a +0 robe.
Duvessa hits you with a +6 short sword of speed!
There is a stone staircase leading up, spattered with blood here.
Duvessa rages.
You see here a jackal skeleton.
Duvessa hits you with a +6 short sword of speed!
Ouch! That really hurt!
You die...

#..######.###..# #.##
#..............# #...
#..............# #.##
#.......#..##### #..#
#..........## #.#.
#.......#...######.##
#.#.........e...)).##
#÷#....##...#####..##
#.##@#.###.######>.#.
#..e.#.# #...........
#.####.# #..##.....#.
#.####.###..##.##.##.
#..<..[........##.##.
#.####............##.
#.# #####.#########.
#.########...........
#....................


You could see Duvessa (berserk).

Vanquished Creatures
  Dowan (D:4)
  3 worms
  A dart slug (D:1)
  An orc (D:3)
  3 endoplasms
  5 giant cockroaches
  11 goblins
  4 hobgoblins
  4 jackals (D:4)
  4 ball pythons
  7 bats
  3 frilled lizards
  4 kobolds
  6 rats
57 creatures vanquished.

Notes
Turn   | Place    | Note
-------+----------+-------------------------------------------
     0 | D:1      | Woods the Deep Elf Air Elementalist began the quest for the
                  | Orb.
     0 | D:1      | Reached XP level 1. HP: 10/10 MP: 6/6
   373 | D:1      | Reached XP level 2. HP: 15/15 MP: 5/8
   451 | D:1      | Learned a level 2 spell: Static Discharge
  1186 | D:2      | Reached XP level 3. HP: 19/19 MP: 6/9
  1318 | D:2      | Learned a level 3 spell: Swiftness
  1337 | D:2      | Found Assuh's Assorted Antiques.
  1404 | D:2      | Found an ornate altar of the Wu Jian Council.
  1874 | D:2      | Found a faded altar of an unknown god.
  3191 | D:4      | Reached XP level 4. HP: 24/24 MP: 6/11
  3327 | D:4      | Noticed Duvessa
  3327 | D:4      | Noticed Dowan
  3348 | D:4      | Killed Dowan
  3349 | D:4      | Reached skill level 4 in Spellcasting
  3391 | D:4      | Learned a level 4 spell: Airstrike
  3533 | D:4      | Slain by Duvessa

Illustrated notes

Levels and vault maps discovered:
D:1:      moated_graveyard_arrival, layout_basic
D:2:      layout_basic, chequers_ecumenical_altar_twisty, serial_shops,
          nicolae_shop_advertising_works [nicolae_subvault_shop_adworks],
          basic_altar
D:3:      layout_loops_corners
D:4:      layout_loops_ring, uniq_duvessa, uniq_sigmund, uniq_pikel

Skill      XL: |  1  2  3  4 |
---------------+-------------+-----
Conjurations   | 2 |  2.6
Stealth        | 3 |  3.2
Dodging        | 3 |  3.1
Spellcasting   | 4 |  4.2
Air Magic      | |  3.7

Action                   |  1- 3 |  4- 6 || total
-------------------------+-------+-------++-------
Melee: Unarmed           |     1 |       ||     1
 Cast: Shock             |   112 |     9 ||   121
       Static Discharge  |     2 |     1 ||     3
       Swiftness         |       |     1 ||     1
Armor: Robe              |     2 |       ||     2
Dodge: Dodged            |     8 |     1 ||     9
